Map: Sanctuary III LE

Players

liquidclem (Clem)

  • Race: Terran Terran
  • League: Grandmaster
  • Spawn Location: 1:00

Serral - Winner!

  • Race: Zerg Zerg
  • League: Master
  • Spawn Location: 7:00

Event: HomeStory Cup XXIX

VOD

Have the link to the VOD?

Description

Time

  • Played on: July 5, 2026, 6:36 p.m.
  • Length: 6:04

All games in this series

Show
View Real Time Build Order
Export as new Build Order

liquidclem Terran 

Build Orders: Reaper Expand 

Get SALT Encoding   

  8  0:00  SCV  
  9  0:12  SCV  
  10  0:24  SCV  
  11  0:29  Supply Depot  
  11  0:36  SCV  
  12  0:48  SCV  
  13  0:53  Barracks  
  13  1:00  SCV  
  14  1:05  Refinery  
  14  1:12  SCV  
  15  1:25  SCV  
  16  1:40  Orbital Command  
  16  1:48  Reaper  
  17  2:05  SCV  
  18  2:10  Command Center  
  18  2:17  SCV  
  18  2:22  Marine  
  20  2:24  Supply Depot  
  20  2:29  SCV  
  21  2:38  Factory  
  21  2:44  Barracks Reactor  
  21  2:46  SCV  
  22  2:51  Refinery  
  22  2:58  SCV  
  23  3:10  SCV  
  24  3:22  SCV  
  24  3:24  Orbital Command  
  24  3:26  Starport  
  25  3:29  Hellion  
  25  3:30  Hellion  
  29  3:34  SCV  
  29  3:35  Marine  
  31  3:45  Supply Depot  
  31  3:51  Hellion  
  31  3:52  Hellion  
  31  3:54  Marine  
  36  4:01  Armory  
  36  4:05  Medivac  
  38  4:12  Marine  
  38  4:13  Hellion  
  41  4:18  Hellion  
  41  4:23  Supply Depot  
  43  4:26  SCV x2  
  45  4:32  Barracks Tech Lab  
  45  4:38  SCV x2  
  46  4:40  Hellion  
  46  4:45  Hellion  
  51  4:48  Liberator  
  51  4:51  SCV  
  51  4:52  SCV  
  56  4:57  Supply Depot  
  55  5:03  SCV  
  55  5:04  SCV  
  56  5:12  Hellion  
  53  5:15  SCV  
  53  5:17  SCV, Hellion  
  53  5:25  Marine  
  53  5:27  SCV  
  52  5:29  SCV  
  44  5:39  SCV  
  44  5:41  SCV  
  44  5:42  Hellion  
  48  5:43  Marine  
  54  5:51  SCV  
Show
View Real Time Build Order
Export as new Build Order

Serral Zerg - Winner!

Build Orders: Hatch First 

Get SALT Encoding   

  8  0:00  Drone  
  9  0:11  Drone  
  10  0:17  Drone  
  11  0:28  Overlord  
  11  0:34  Drone  
  12  0:46  Drone x2  
  14  0:51  Drone  
  15  1:11  Hatchery  
  15  1:15  Drone  
  15  1:19  Drone  
  15  1:23  Drone  
  17  1:37  Spawning Pool  
  16  1:40  Drone  
  16  1:43  Drone  
  16  1:45  Extractor  
  17  1:51  Drone  
  18  2:01  Drone  
  19  2:10  Overlord  
  19  2:22  Drone  
  20  2:23  Queen  
  20  2:24  Queen  
  24  2:30  Zergling x2  
  24  2:33  Zergling x2  
  26  2:40  Drone  
  26  2:41  Overlord  
  27  2:47  Metabolic Boost  
  27  2:50  Drone  
  28  2:57  Drone  
  29  3:02  Drone x2  
  31  3:11  Queen  
  33  3:16  Overlord  
  33  3:19  Drone  
  34  3:21  Drone  
  34  3:23  Drone  
  34  3:26  Drone  
  37  3:34  Drone x3  
  40  3:48  Hatchery  
  40  3:50  Queen  
  41  3:56  Overlord  
  41  3:58  Drone x2  
  41  3:59  Drone  
  44  4:05  Drone x3  
  47  4:10  Overlord  
  47  4:15  Queen  
  49  4:17  Drone  
  49  4:20  Zergling x2  
  49  4:23  Zergling x2  
  52  4:24  Drone  
  52  4:28  Lair  
  52  4:30  Zergling x2  
  54  4:31  Drone  
  54  4:36  Drone  
  55  4:38  Spine Crawler  
  55  4:41  Zergling x6  
  57  4:50  Queen  
  57  4:51  Overlord  
  59  4:57  Evolution Chamber  
  59  4:58  Zergling x2  
  59  4:59  Evolution Chamber  
  58  5:02  Evolution Chamber  
  58  5:04  Overlord  
  58  5:11  Zergling x12  
  58  5:14  Zergling x4  
  61  5:18  Queen  
  57  5:26  Queen  
  56  5:41  Drone x3  
  56  5:42  Drone  
  59  5:44  Drone  
  59  5:45  Drone  
Tags
 
Add a new tag
Caveats
  • Supply blocks, unpowered buildings, or Contaminate may cause inaccurate times.
  • Supply counts are checked every 10 seconds.